 Dungeon Crawl Stone Soup version 0.20-a0-1065-g8446734 (webtiles) character file.

39 Goblin1989 the Slasher (level 3, -7/29 HPs)
             Began as a Demonspawn Monk on Apr 28, 2017.
             Mangled by Natasha (8 damage)
             ... on level 2 of the Dungeon.
             The game lasted 00:02:44 (1592 turns).

Goblin1989 the Slasher (Demonspawn Monk)            Turns: 1592, Time: 00:02:45

Health: -7/29      AC:  6    Str: 12    XL:     3   Next: 28%
Magic:  3/3        EV: 11    Int: 11    God:
Gold:   68         SH:  0    Dex: 15    Spells: 2/2 levels left

rFire    . . .     SeeInvis .   a - +0 falchion
rCold    . . .     Gourm    .   (no shield)
rNeg     . . .     Faith    .   l - +0 ring mail
rPois    .         Spirit   .   (no helmet)
rElec    .         Reflect  .   (no cloak)
rCorr    .         Harm     .   m - +0 pair of gloves
MR       .....                  (no boots)
Stlth    +.........             (no amulet)
Regen    0.1/turn               (no ring)
MPRegen  0.1/turn               (no ring)

@: slowed, very slow
A: talons 1
a: no special abilities


You were on level 2 of the Dungeon.
You were very hungry.

You visited 1 branch of the dungeon, and saw 2 of its levels.

You collected 68 gold pieces.

Inventory:

Hand Weapons
 a - a +0 falchion (weapon)
 k - a cursed -1 dagger
Armour
 l - a +0 ring mail (worn)
 m - a +0 pair of gloves (worn)
Scrolls
 c - 4 scrolls of identify {unknown}
 i - a scroll of magic mapping {unknown}
Potions
 d - 3 potions of lignification {unknown}
 g - a potion of curing {unknown}
 h - 3 potions of magic {unknown}
 j - a potion of invisibility {unknown}
 n - a potion of flight {unknown}
Comestibles
 b - a meat ration {@e2}
 e - 3 bread rations {@e1}


   Skills:
 - Level 3.0 Fighting
 + Level 4.0 Long Blades
 - Level 2.6 Dodging
 - Level 1.7 Stealth


You had 2 spell levels left.
You didn't know any spells.

Dungeon Overview and Level Annotations

Branches:
Dungeon (2/15)

Altars:

Annotations:
D:2 Natasha, Sigmund


Innate Abilities, Weirdness & Mutations

You have sharp toenails.


Message History

You regained 4 hp, and now have 24/29 hp.
You see here a worm corpse.
You hit the giant cockroach. Your kick misses the giant cockroach.
The giant cockroach is moderately wounded.
The giant cockroach bites you but does no damage. x2
You barely miss the giant cockroach. Your kick misses the giant cockroach.
The giant cockroach is moderately wounded.
The giant cockroach waves its antennae.
The giant cockroach bites you but does no damage.
You hit the giant cockroach but do no damage.
The giant cockroach is moderately wounded.
The giant cockroach bites you.
You take 2 damage, and have 22/29 hp.
You hit the giant cockroach but do no damage.
The giant cockroach is moderately wounded.
The giant cockroach barely misses you.
The giant cockroach bites you but does no damage.
You barely miss the giant cockroach. Your kick misses the giant cockroach.
The giant cockroach is moderately wounded.
The giant cockroach bites you.
You take 1 damage, and have 21/29 hp.
You closely miss the giant cockroach.
The giant cockroach is moderately wounded.
The giant cockroach bites you but does no damage.
You hit the giant cockroach.
The giant cockroach is severely wounded.
The giant cockroach bites you but does no damage. x2
You closely miss the giant cockroach.
You claw the giant cockroach, but do no damage.
The giant cockroach is severely wounded.
The giant cockroach barely misses you.
Natasha, Servant of Life and Death comes into view.
Marking area around Sigmund as unsafe for travelling.
Sigmund the Dreaded comes into view.
He is wielding a scythe.
The giant cockroach bites you but does no damage.
Sigmund moves out of view.
The giant cockroach bites you but does no damage.
You barely miss the giant cockroach.
The giant cockroach is severely wounded.
The giant cockroach bites you but does no damage.
The giant cockroach completely misses you.
You hit the giant cockroach.
The giant cockroach is almost dead.
The giant cockroach barely misses you.
You riposte.
You barely miss the giant cockroach.
The giant cockroach is almost dead.
Sigmund zaps a wand.
You hear a grinding noise.
It is a wand of digging (?/24).
You closely miss the giant cockroach.
The giant cockroach is almost dead.
The giant cockroach barely misses you.
You riposte.
You completely miss the giant cockroach.
The giant cockroach is almost dead.
You barely miss the giant cockroach.
You claw the giant cockroach, but do no damage.
The giant cockroach is almost dead.
The giant cockroach waves its antennae.
The giant cockroach barely misses you.
You riposte.
You hit the giant cockroach.
You kill the giant cockroach!
Natasha stares at you and mumbles some strange words.
You feel yourself slow down.
You hit Natasha but do no damage. You claw Natasha.
Natasha is lightly wounded.
Natasha casts a spell at you. The magic dart hits you!
Sigmund casts a spell.
Sigmund flickers and vanishes!
Deactivating autopickup; reactivate with Ctrl-A.
Natasha casts a spell.
You take 6 damage, and have 16/29 hp.
MASSIVE DAMAGE!!
You hit Natasha. Your kick misses Natasha.
Natasha is moderately wounded.
Natasha barely misses you.
Unknown command.
You hit Natasha. Your kick misses Natasha.
Natasha is moderately wounded.
Something completely misses you. Natasha misses you.
The crimson imp hits you but does no damage.
Natasha mumbles some strange words.
The crimson imp closely misses you.
Unknown command.
You hit Natasha. You claw Natasha, but do no damage.
Natasha is severely wounded.
Something completely misses you. Natasha misses you.
You riposte.
You hit Natasha but do no damage.
Natasha is severely wounded.
The crimson imp blinks!
Something hits you!
* * * LOW HITPOINT WARNING * * *
Natasha claws you.
* * * LOW HITPOINT WARNING * * *
You take 13 damage, and have 3/29 hp.
MASSIVE DAMAGE!!
Your ring mail prevents you from hitting Natasha.
Your kick misses Natasha.
Natasha is severely wounded.
The crimson imp blinks!
The crimson imp hits you.
* * * LOW HITPOINT WARNING * * *
Natasha claws you!
You die...

....8... ..... .....█
.... ... .....█
.......... ... .....█
.......... .... .....█
.......█.█ ..5..
.....█........█.█▲█....
.....█........█....)█
.....█.... ...█.§...█
█....█.█<████.█h@...█
█....█..........5§..█
.....█.......†..█...█
.....█..........█...█
...█.█..........█...█
...........██...█...█
.....................
██.........██.....>.██
███................


You could see Natasha and 2 crimson imps.

Vanquished Creatures
  An ooze (D:2)
  3 worms (D:2)
  2 dart slugs (D:1)
  A bat zombie (D:2)
  A giant cockroach (D:2)
  2 hobgoblins (D:1)
  5 bats
  2 frilled lizards (D:1)
  A goblin (D:1)
  A jackal zombie (D:2)
  4 kobolds
  3 rats
26 creatures vanquished.

Notes
Turn   | Place    | Note
-------+----------+-------------------------------------------
     0 | D:1      | Goblin1989 the Demonspawn Monk began the quest for the Orb.
     0 | D:1      | Reached XP level 1. HP: 18/18 MP: 1/1
   198 | D:1      | Reached skill level 3 in Long Blades
   400 | D:1      | Gained mutation: You have sharp toenails. [demonic ancestry]
   400 | D:1      | Reached XP level 2. HP: 24/24 MP: 2/2
  1101 | D:2      | Reached XP level 3. HP: 28/29 MP: 3/3
  1391 | D:2      | Reached skill level 4 in Long Blades
  1582 | D:2      | Noticed Natasha
  1582 | D:2      | Noticed Sigmund
  1592 | D:2      | HP: 1/29 [crimson imp[Natasha] (2)]
  1592 | D:2      | Mangled by Natasha

Vault maps used:
D:1:      onia_arrival_pyramid
D:2:      serial_undead, serial_undead_e, serial_undead_a, serial_undead_e,
          serial_undead_a, uniq_natasha, uniq_sigmund

Skill      XL: |  1  2  3 |
---------------+----------+-----
Long Blades    | 3 4 |  4.0
Fighting       | |  3.0
Dodging        | |  2.6
Stealth        | |  1.7

Action                   || total
-------------------------++-------
Melee: Falchion          ||    96
       Kick              ||    20
 Stab: Sleeping          ||     2
  Eat: Chunk             ||     1
Armor: Robe              ||     4
       Ring mail         ||    21
Dodge: Dodged            ||    70
       Rpst.: Falchion   ||    23

Vault maps used:
D:1:      onia_arrival_pyramid
D:2:      serial_undead, serial_undead_e, serial_undead_a, serial_undead_e,
          serial_undead_a, uniq_natasha, uniq_sigmund
